 Dungeon Crawl Stone Soup version 0.21-a0-52-gbf49515 (webtiles) character file.

314 KristoblXynda the Chopper (level 6, -9/55 HPs)
             Began as a Deep Dwarf Fighter on June 13, 2017.
             Mangled by Menkaure (18 damage)
             ... on level 4 of the Dungeon.
             The game lasted 00:06:57 (2514 turns).

KristoblXynda the Chopper (Deep Dwarf Fighter)      Turns: 2514, Time: 00:06:57

Health: -9/55      AC:  8    Str: 20    XL:     6   Next: 19%
Magic:  6/6        EV:  7    Int: 10    God:
Gold:   230        SH: 10    Dex: 14    Spells: 5/5 levels left

rFire    + . .     SeeInvis +   a - +1 war axe
rCold    . . .     Gourm    .   c - +0 shield
rNeg     . . .     Faith    .   b - +0 scale mail
rPois    .         Spirit   .   (no helmet)
rElec    .         Reflect  .   (no cloak)
rCorr    .         Harm     .   g - +0 pair of gloves
MR       +....                  (no boots)
Stlth    +.........             (no amulet)
Regen    0.0/turn               (no ring)
MPRegen  0.1/turn               (no ring)

@: non-regenerating
A: damage resistance, heal wounds, thin skeletal structure 1, see invisible,
fire resistance 1, magic resistance 1, sense surroundings 1, no regeneration
a: Heal Wounds


You were on level 4 of the Dungeon.
You were not hungry.

You visited 1 branch of the dungeon, and saw 4 of its levels.

You collected 230 gold pieces.

Inventory:

Hand Weapons
 a - a +1 war axe (weapon)
Armour
 b - a +0 scale mail (worn)
 c - a +0 shield (worn)
 g - a +0 pair of gloves (worn)
Scrolls
 i - 6 scrolls of identify
Potions
 d - 3 potions of might
 h - a potion of invisibility
 j - 2 potions of brilliance
Comestibles
 f - 3 bread rations
 k - a royal jelly
 o - a meat ration


   Skills:
 - Level 2.6 Fighting
 * Level 5.3 Axes
 + Level 4.8 Armour
 + Level 4.6 Shields


You had 5 spell levels left.
You didn't know any spells.

Dungeon Overview and Level Annotations

Branches:
Dungeon (4/15)
 Temple: D:4-7

Altars:
Cheibriados
Fedhas
Okawaru
Wu Jian

Annotations:
D:4 Menkaure


Innate Abilities, Weirdness & Mutations

You are resistant to damage.
You can heal yourself by infusing magical energy.
You passively map a small area around you.
You do not regenerate.
You have a somewhat thin skeletal structure. (Dex +2, Stealth)
You have supernaturally acute eyesight. (SInv)
Your flesh is heat resistant. (rF+)
You are resistant to hostile enchantments. (MR+)


Message History

You slash Menkaure!
Menkaure is almost destroyed.
The adder moves out of view.
The bat hits you but does no damage.
Menkaure calls on the powers of darkness!
Your body is wracked with pain!
* * * LOW HITPOINT WARNING * * *
You hit Menkaure but do no damage.
Menkaure is almost destroyed.
You block the bat's attack. You block Menkaure's attack.
Unknown command.
You completely miss Menkaure.
Menkaure is almost destroyed.
The bat barely misses you. The bat hits you but does no damage.
You block Menkaure's attack.
You closely miss Menkaure.
Menkaure is almost destroyed.
You barely miss the bat. You block the bat's attack.
Menkaure calls on the powers of darkness!
The adder convulses!
Your body is wracked with pain!
Menkaure hits you!!
You die...

* #. #...)..........#
, #.
#..............#, , *
, ,#.
#..............# , #.
#...........^..#, ,,
#.##..............#,
,
#.<'.........b....#,
,
*####..............#,
, , *
##.......#.#####.. ,
, #####.#.#@.......
#.#.M######.. *#...,,
+, , #.#. * * #.#. ,
, ,, , #,#. , , * #.
** * #. ,, , * *


You could see Menkaure and a bat.

Vanquished Creatures
  A sky beast (D:3)
  2 worker ants (D:4)
  4 gnolls (D:3)
  2 adders (D:3)
  3 oozes
  3 worms (D:2)
  7 dart slugs
  7 orcs (D:3)
  3 giant cockroaches
  10 goblins
  9 hobgoblins
  4 kobolds
  10 bats
  5 frilled lizards
  13 rats
83 creatures vanquished.

Notes
Turn   | Place    | Note
-------+----------+-------------------------------------------
     0 | D:1      | KristoblXynda the Deep Dwarf Fighter began the quest for the Orb.
     0 | D:1      | Reached XP level 1. HP: 20/20 MP: 1/1
   184 | D:1      | Reached XP level 2. HP: 27/27 MP: 2/2
   485 | D:1      | Reached skill level 3 in Axes
   814 | D:2      | Found an ornate altar of the Wu Jian Council.
   914 | D:2      | Reached XP level 3. HP: 29/33 MP: 3/3
  1562 | D:3      | Reached XP level 4. HP: 21/40 MP: 4/4
  1590 | D:3      | Noticed a sky beast
  1610 | D:3      | Killed a sky beast
  1610 | D:3      | Reached skill level 4 in Axes
  1610 | D:3      | Reached XP level 5. HP: 39/46 MP: 5/5
  1642 | D:3      | Gained mutation: You have a somewhat thin skeletal structure. (Dex +2, Stealth) [mutagenic meat]
  1643 | D:3      | Gained mutation: You have supernaturally acute eyesight. (SInv) [mutagenic meat]
  1644 | D:3      | Gained mutation: You are resistant to hostile enchantments. (MR+) [mutagenic meat]
  1645 | D:3      | Gained mutation: Your flesh is heat resistant. (rF+) [mutagenic meat]
  1677 | D:3      | Found a snail-covered altar of Cheibriados.
  2101 | D:3      | Reached skill level 5 in Axes
  2252 | D:4      | Reached XP level 6. HP: 16/55 MP: 6/6
  2273 | D:4      | Found an iron altar of Okawaru.
  2409 | D:4      | Found a blossoming altar of Fedhas.
  2501 | D:4      | Noticed Menkaure
  2514 | D:4      | Mangled by Menkaure

Vault maps used:
D:1:      sevenhm_arrival_forest_fort_small_3, item_on_display_a
D:2:      minmay_wonky_spiral, old_standard_altar
D:3:      kennysheep_slug_shrine
D:4:      kennysheep_mini_moat, lemuel_doored_altar, fedhas_altar_2,
          minmay_temple_entry_glassed_door, first_bread,
          minmay_guarded_unrand_vampires_tooth, uniq_menkaure

Skill      XL: |  1  2  3  4  5 |
---------------+----------------+-----
Axes           | 3 4 5 |  5.3
Armour         | 4 |  4.8
Shields        | 4 |  4.6
Fighting       | |  2.6

Action                   |  1- 3 |  4- 6 || total
-------------------------+-------+-------++-------
Melee: War axe           |   136 |   119 ||   255
 Abil: Heal Wounds       |       |     1 ||     1
  Use: Scroll            |     4 |     6 ||    10
       Potion            |       |     4 ||     4
  Eat: Chunk             |     2 |     7 ||     9
       Royal jelly       |       |     1 ||     1
Armor: Scale mail        |    56 |    64 ||   120
Dodge: Dodged            |    39 |    26 ||    65
Block: Shield            |    70 |    75 ||   145
